 Dungeon Sprint DCSS version 0.16-a0-4127-g24fbb24 (webtiles) character file.

20 McCoppin the Chucker (level 2, -5/31 HPs)
             Began as a Troll Hunter on Mar 2, 2015.
             Was a Follower of Makhleb.
             Killed from afar by a deep elf mage (19 damage)
             ... with a shard of ice
             ... in the Dungeon (Sprint V: "Ziggurat Sprint").
             The game lasted 00:03:19 (162 turns).

McCoppin the Chucker (Troll Hunter)                  Turns: 162, Time: 00:03:19

Health: -5/31      AC: 20    Str: 31    XL:     2   Next: 58%
Magic:  1/1        EV:  3    Int:  7    God:    Makhleb [*.....]
Gold:   0          SH:  0    Dex: 10    Spells: 0 memorised, 1 level left

rFire  + . .     SeeInvis .     l - +5 giant spiked club
rCold  + . .     Clarity  .     m - +5 gold dragon armour
rNeg   . . .     SustAb   .     (shield restricted)
rPois  +         Gourm    +     (helmet restricted)
rElec  .         Spirit   .     (no cloak)
rCorr  .         Warding  .     (gloves unavailable)
rMut   .         NoTele   +     (boots unavailable)
MR     .....                    (no amulet)
Stlth  ..........               I - +6 ring of strength
                                H - +6 ring of strength

@: not resistant to hostile enchantments, extremely unstealthy
A: unfitting armour, claws 3, fast metabolism 3, gourmand, regeneration 2,
shaggy fur 1, tough skin 2
a: Renounce Religion


You were in the Dungeon.
You worshipped Makhleb.
Makhleb was aware of your devotion.
You were not hungry.

You visited 1 branch

Inventory:

Hand weapons
 a - a +0 short sword
 l - a +5 giant spiked club (weapon)
Missiles
 b - a large rock (quivered)
 c - 2 throwing nets
Armour
 d - a +0 animal skin
 m - a +5 gold dragon armour (worn)
Jewellery
 D - a +6 ring of dexterity
 E - a +6 ring of dexterity
 F - a +6 ring of intelligence
 G - a +6 ring of intelligence
 H - a +6 ring of strength (left claw)
 I - a +6 ring of strength (right claw)
 J - an uncursed ring of flight
Magical devices
 K - a wand of disintegration (7)
 L - a wand of fire (5)
 M - a wand of cold (5)
 N - a wand of draining (5)
Scrolls
 k - 4 scrolls of blinking
 u - 4 scrolls of amnesia
 v - 3 scrolls of recharging
 w - 7 scrolls of fog
 x - a scroll of holy word
 y - 5 scrolls of identify
 z - 5 scrolls of remove curse
 A - 2 scrolls of fear
Potions
 e - 10 potions of curing
 g - 10 potions of heal wounds
 h - 6 potions of haste
 i - 7 potions of magic
 j - 3 potions of berserk rage
 n - 2 potions of brilliance
 o - 2 potions of invisibility
 p - 2 potions of restore abilities
 q - 4 potions of resistance
 r - a potion of experience
 s - 5 potions of agility
 t - 5 potions of might
Comestibles
 f - 6 meat rations
 B - 42 fruits
 C - 4 bread rations


   Skills:
 + Level 3.4 Fighting
 + Level 5.0 Throwing
 - Level 1.5 Dodging
 - Level 0.4 Stealth


You had one spell level left.
You didn't know any spells.

Dungeon Overview and Level Annotations

Branches:
Dungeon (1/1)

Altars:
Ashenzari
Cheibriados
Dithmenos
Elyvilon
Fedhas
Gozag
Kikubaaqudgha
Makhleb
Nemelex Xobeh
Okawaru
Qazlal
Ru
Sif Muna
Trog
Vehumet
Xom
Yredelemnul
Zin
The Shining One
Beogh
Jiyva
Lugonu


Innate Abilities, Weirdness & Mutations

You are too large for most types of armour.
You have claws for hands.
Your metabolism is lightning-fast.
You like to eat raw meat.
You heal very quickly.
You are covered in fur (AC +1).
You have very tough skin (AC +2).


Message History

The large rock hits the deep elf high priest!
The deep elf high priest is moderately wounded.
Throwing (i - inventory. (,) - cycle):
b - 3 large rocks (quivered)
Press: ? - help, Shift-Dir - straight line, f/p - deep elf high priest
Aim: a deep elf high priest, wielding a short sword and wearing a leather armour (lightly wounded)
You throw a large rock.
The large rock hits the deep elf high priest!!
The deep elf high priest is heavily wounded.
The deep elf high priest calls down the wrath of its god upon you.
Something smites you!
Ouch! That really hurt!
Throwing (i - inventory. (,) - cycle):
b - 2 large rocks (quivered)
Press: ? - help, Shift-Dir - straight line, f/p - deep elf high priest
Aim: a deep elf high priest, wielding a short sword and wearing a leather armour (heavily wounded)
You throw a large rock.
The large rock closely misses the deep elf high priest.
The deep elf mage points at you and mumbles some strange words.
The shard of ice hits you! You partially resist.
Ouch! That really hurt!
You die...

▓▓▓▓▓▓▓▓▓▓▓▓▓
▓.8©8(▓.8©8.▓
▓.:[=.▓.....▓
▓.....▓.).).▓
▓..(..▓.†...▓
▓..(..▓.....▓
▓.ee..▓.....▓
▓..@..▓▓▓▓▓▓▓
▓▓▓▓▓▓▓


You could see a deep elf high priest and a deep elf mage.

Vanquished Creatures
  A sheep (D)
  A jackal (D)
2 creatures vanquished.

Vanquished Creatures (others)
  2 spatial maelstroms (D)
2 creatures vanquished.

Grand Total: 4 creatures vanquished

Notes
Turn   | Place    | Note
--------------------------------------------------------------
     0 | D        | McCoppin, the Troll Hunter, began the quest for the Orb.
     0 | D        | Reached XP level 1. HP: 19/19 MP: 1/1
     0 | D        | Found a viscous altar of Jiyva.
     2 | D        | Found a basalt altar of Yredelemnul.
     2 | D        | Found an iron altar of Okawaru.
     2 | D        | Banished a spatial maelstrom
     3 | D        | Found a radiant altar of Vehumet.
     3 | D        | Found a shimmering altar of Xom.
     5 | D        | Found a burning altar of Makhleb.
    14 | D        | Banished a spatial maelstrom
    20 | D        | Found a corrupted altar of Lugonu.
    21 | D        | Found a white marble altar of Elyvilon.
    23 | D        | Found a sparkling altar of Nemelex Xobeh.
    23 | D        | Found a deep blue altar of Sif Muna.
    27 | D        | Found a bloodstained altar of Trog.
    90 | D        | Became a worshipper of Makhleb the Destroyer
   110 | D        | Entered arena 1.
   117 | D        | Acquired Makhleb's first power
   117 | D        | Reached skill level 5 in Throwing
   117 | D        | Reached XP level 2. HP: 10/31 MP: 1/1
   158 | D        | Entered arena 2.
   158 | D        | Noticed a deep elf mage
   158 | D        | Noticed a deep elf high priest
   158 | D        | Noticed a deep elf knight
   162 | D        | Killed from afar by a deep elf mage

Action                   || total
-------------------------++-------
Melee: Giant spiked club ||     4
Throw: Large rock        ||     6
